 Dungeon Crawl Stone Soup version 0.31.0-4-g52a2dc7128 (webtiles) character file.

Game seed: 14425190894958362112

1513 Janerl the Basher (level 8, -3/71 HPs)
             Began as a Minotaur Berserker on Jan 23, 2024.
             Was an Elder of Trog.
             Killed from afar by a white imp (5 damage)
             ... with a puff of frost
             ... on level 5 of the Dungeon.
             The game lasted 00:13:33 (4625 turns).

Janerl the Basher (Minotaur Berserker)              Turns: 4625, Time: 00:13:34

Health: -3/71      AC:  9    Str: 21    XL:     8   Next: 53%
Magic:  7/7        EV: 12    Int:  4    God:    Trog [****..]
Gold:   158        SH:  0    Dex: 13    Spells: 7/7 levels left

rFire   . . .        a - +0 mace
rCold   . . .        (no shield)
rNeg    . . .        e - +0 ring mail
rPois   .            (helmet restricted)
rElec   .            (no cloak)
rCorr   .            r - +0 pair of gloves
SInv    .            w - +0 pair of boots
Will    .....        (no amulet)
Stlth   +            (no ring)
HPRegen 0.31/turn    (no ring)
MPRegen 0.10/turn

%: no passive effects
@: on berserk cooldown, slowed, very slow
A: horns 2, retaliatory headbutt
a: Renounce Religion, Berserk, Trog's Hand, Brothers in Arms


You were on level 5 of the Dungeon.
You worshipped Trog.
Trog was greatly pleased with you.
You visited 1 branch of the dungeon, and saw 5 of its levels.
You also visited: Ossuary.

You collected 197 gold pieces.
You spent 39 gold pieces at shops.

Inventory:

Hand Weapons
 a - a +0 mace (weapon)
 v - a +1 vampiric dagger
Armour
 e - a +0 ring mail (worn)
 r - a +0 pair of gloves (worn)
 w - a +0 pair of boots (worn)
Scrolls
 b - a scroll of amnesia {unknown}
 d - 2 scrolls of poison {unknown}
 f - 2 scrolls of enchant armour {unknown}
 i - 2 scrolls of noise {unknown}
 j - 5 scrolls of identify {unknown}
 n - 5 scrolls of teleportation {unknown}
 o - 3 scrolls of fog {unknown}
 p - a scroll of immolation {unknown}
 t - 3 scrolls of brand weapon {unknown}
 u - 2 scrolls of revelation {unknown}
 y - a scroll of fear {unknown}
 A - a scroll of blinking {unknown}
Potions
 c - 2 potions of berserk rage {unknown}
 g - a potion of attraction {unknown}
 h - a potion of mutation {unknown}
 k - 5 potions of heal wounds {unknown}
 l - a potion of lignification {unknown}
 m - a potion of enlightenment {unknown}
 q - a potion of curing
 s - a potion of invisibility {unknown}
 x - a potion of resistance {unknown}
 z - a potion of degeneration {unknown}


   Skills:
 + Level 6.6 Fighting
 + Level 9.2 Maces & Flails
 + Level 7.0 Armour
 + Level 4.2 Dodging
 + Level 0.4 Stealth


You had 7 spell levels left.
You didn't know any spells.
Your spell library was empty.

Dungeon Overview and Level Annotations

Branches:
Dungeon (5/15)             Temple (0/1) D:5         Ossuary (visited)

Altars:

Shops:
D:2 :*[(   D:3 !


Innate Abilities, Weirdness & Mutations

You have a pair of horns on your head.
You reflexively headbutt those who attack you in melee.


Message History

You completely miss the iguana. You headbutt the iguana!
The iguana is severely wounded.
You feel sick. The iguana closely misses you.
You barely miss the iguana. Your headbutt misses the iguana.
The iguana is severely wounded.
The iguana bites you!
* * * LOW HITPOINT WARNING * * *
You hit the iguana. Your headbutt misses the iguana.
The iguana is almost dead.
You feel sick.
You are no longer poisoned.
You sock the iguana!
You kill the iguana!
Trog accepts your kill.
Your Armour skill increases to level 7!
Items here: ) ††††.
You sock the black bear! You headbutt the black bear!
The black bear is almost dead.
You sock the black bear!
You kill the black bear!
Trog accepts your kill.
An ogre comes into view. It is wielding a +0 giant club.
You feel a strong urge to attack something.
You are no longer berserk.
You are exhausted.
You feel yourself slow down.
A white imp comes into view.
The white imp shouts, "Fly, thou pox-marked half-faced foot-licker!"
You hear a shout!
The white imp gestures at you. The puff of frost hits you!
* * * LOW HITPOINT WARNING * * *
There is a stone staircase leading up here.
The white imp gestures at you. The puff of frost hits you!
* * * LOW HITPOINT WARNING * * *
There is a stone staircase leading up here.
The white imp gestures at you. The puff of frost hits you.
You die...

.....#......)
............
...........#
..)..#...#..## ..
#........#...##..
... #..†...#..#
... #..)....... .
.. ##.........
....#.##.@.......
...........5.....
........#........
.#...#.##........
..#.#..#....O....
...>...#..#......
..#.#..#)####....
.#...#.#††.# .##.
..............


You could see an ogre and a white imp.

Vanquished Creatures
  Menkaure (Ossuary)
  2 black bears
  3 ogres
  A phantom (D:5)
  2 scorpions
  A howler monkey (D:4)
  3 centaur zombies (Ossuary)
  A human zombie (Ossuary)
  3 orc priests (D:4)
  2 iguanas (D:5)
  4 orc wizards (D:4)
  2 ogre zombies (Ossuary)
  6 mummies (Ossuary)
  16 adders
  4 adder zombies (Ossuary)
  4 dart slugs
  6 orcs (D:4)
  3 bats
  8 endoplasms
  6 giant cockroaches
  8 goblins
  5 hobgoblins
  3 jackals (D:3)
  2 quokkas
  11 ball pythons
  4 frilled lizards
  3 goblin zombies (Ossuary)
  7 hobgoblin zombies (Ossuary)
  4 kobolds
  3 kobold zombies (Ossuary)
  2 quokka zombies (Ossuary)
  7 rats
  5 rat zombies (Ossuary)
142 creatures vanquished.

Notes
Turn   | Place    | Note
-------+----------+-------------------------------------------
     0 | D:1      | Janerl the Minotaur Berserker began the quest for the Orb.
     0 | D:1      | Reached XP level 1. HP: 19/19 MP: 0/0
   235 | D:1      | Reached XP level 2. HP: 27/27 MP: 1/1
   385 | D:1      | Reached skill level 4 in Maces & Flails
   404 | D:1      | Found a faded altar of an unknown god.
   712 | D:1      | You fall into a shaft and drop 1 floor!
   712 | D:2      | Found Cuibuhug's Armour Shop.
   742 | D:2      | Reached XP level 3. HP: 33/33 MP: 2/2
   752 | D:2      | Found Bace's Weapon Emporium.
   980 | D:2      | Found Viabeinn's General Store.
  1043 | D:2      | Found Wuolyd's Book Emporium.
  1106 | D:2      | Reached ** piety under Trog
  1176 | D:2      | Reached skill level 5 in Maces & Flails
  1465 | D:2      | Identified the +5 ring mail of Vuol {rElec rC+++ Str-2
                  | Stlth-}
  1632 | D:3      | Reached XP level 4. HP: 37/40 MP: 3/3
  2163 | D:3      | Found Fuishas's Distillery.
  2172 | D:3      | Bought a potion of curing for 39 gold pieces
  2494 | D:4      | Found a sand-covered staircase.
  2505 | Ossuary  | Entered an ossuary
  2587 | Ossuary  | Reached XP level 5. HP: 42/46 MP: 4/4
  2749 | Ossuary  | Reached skill level 6 in Maces & Flails
  2826 | Ossuary  | Reached XP level 6. HP: 25/53 MP: 5/5
  2928 | Ossuary  | Noticed Menkaure
  2934 | Ossuary  | Killed Menkaure
  2937 | Ossuary  | Reached *** piety under Trog
  2940 | Ossuary  | Reached skill level 5 in Armour
  3101 | Ossuary  | Reached skill level 7 in Maces & Flails
  3351 | D:4      | HP: 2/53 [something (4)]
  3358 | D:4      | Reached XP level 7. HP: 14/60 MP: 6/6
  3605 | D:4      | Reached skill level 5 in Fighting
  3991 | D:4      | Reached **** piety under Trog
  3992 | D:4      | Reached skill level 8 in Maces & Flails
  4233 | D:4      | Reached XP level 8. HP: 68/70 MP: 7/7
  4566 | D:5      | Entered Level 5 of the Dungeon
  4566 | D:5      | Found a staircase to the Ecumenical Temple.
  4607 | D:5      | Reached skill level 9 in Maces & Flails
  4624 | D:5      | HP: 2/71 [white imp/puff of frost (8)]
  4625 | D:5      | Killed from afar by a white imp

Illustrated notes

Levels and vault maps discovered:
D:1:      shiori_arrival_maze, layout_loops_ring,
          hellmonk_ecumenical_altar_heavens_door
D:2:      layout_basic, serial_shops, shop, shop, nicolae_shop_window_shopping,
          nicolae_shop_pleasant_corner_grove, serial_aquarium,
          aquarium_bridge_square [aquarium_subvault_wall,
          aquarium_subvault_wall, aquarium_subvault_bridge,
          aquarium_subvault_window], aquarium_bridge_square
          [aquarium_subvault_wall, aquarium_subvault_window,
          aquarium_subvault_bridge, aquarium_subvault_window],
          aquarium_window_1, aquarium_window_corridor_2, aquarium_window_fake,
          aquarium_view_2f
D:3:      layout_loops_corners, serial_shops, nicolae_shop_stone,
          chequers_jeans, minmay_misc_feat_tower
D:4:      layout_gridville, enter_ossuary_1, minmay_snake_closets
D:5:      layout_cave_pools, minmay_temple_entry_crystal_x,
          grunt_decor_arrowhead

Skill      XL: |  1  2  3  4  5  6  7  8 |
---------------+-------------------------+-----
Fighting       | 4 5 6 |  6.6
Maces & Flails | 4 5 6 7 8 9 |  9.2
Armour         | 3 4 5 6 7 |  7.0
Dodging        | 3 4 |  4.2
Stealth        | |  0.4

Action                     |  1- 3 |  4- 6 |  7- 9 || total
---------------------------+-------+-------+-------++-------
  Melee: Mace              |    70 |   153 |   129 ||   352
         Headbutt          |     6 |    36 |    24 ||    66
         Punch             |       |       |     1 ||     1
 Invoke: Berserk           |       |     1 |     2 ||     3
    Use: Potion            |       |     2 |       ||     2
 Armour: Ring mail         |    51 |   122 |    84 ||   257
         Animal skin       |     3 |       |       ||     3
  Dodge: Dodged            |    47 |    85 |    88 ||   220
